 Dungeon Crawl Stone Soup version 0.20.1-1-g8b1a95d (webtiles) character file.

204 Thjof the Bolt Thrower (level 6, -3/34 HPs)
             Began as a Kobold Hunter on Nov 9, 2017.
             Was an Initiate of Hepliaklqana.
             Killed from afar by Zorana the ancestor (37 damage)
             ... with an exploding inner flame
             ... created by the player character
             ... hexed by the player character
             ... on level 4 of the Dungeon.
             The game lasted 00:40:33 (2984 turns).

Thjof the Bolt Thrower (Kobold Hunter)              Turns: 2984, Time: 00:40:43

Health: -3/34      AC:  6    Str: 10 (11) XL:     6   Next: 9%
Magic:  6/6        EV: 13    Int: 12      God:    Hepliaklqana [......]
Gold:   85         SH:  0    Dex: 16      Spells: 5/5 levels left

rFire    . . .     SeeInvis .   a - +1 hand crossbow
rCold    . . .     Gourm    .   (shield restricted)
rNeg     . . .     Faith    .   k - +0 scale mail
rPois    .         Spirit   .   (no helmet)
rElec    +         Reflect  .   (no cloak)
rCorr    .         Harm     .   (no gloves)
MR       .....     Clarity  +   (no boots) Stlth +.........Rnd*Tele +
                                (no amulet)
Regen    0.2/turn               (no ring)
MPRegen  0.1/turn               (no ring)

@: no status effects
A: reduced essence, claws 1, carnivore 3, clarity, electricity resistance,
teleportitis 1, sturdy frame 1
a: Recall Ancestor, Ancestor Identity, Renounce Religion


You were on level 4 of the Dungeon.
You worshipped Hepliaklqana.
Hepliaklqana was noncommittal.
You were completely stuffed.

You visited 1 branch of the dungeon, and saw 4 of its levels.

You collected 85 gold pieces.

Inventory:

Hand Weapons
 a - a +1 hand crossbow (weapon)
 b - a +0 dagger
 c - a +0 falchion
 e - a +0 club
 i - a +0 dagger
 p - a +0 short sword
 t - a +0 spear
 A - a +0 dagger
Missiles
 d - 71 bolts (quivered)
 m - 32 sling bullets
 G - 42 stones
Armour
 h - a +0 chain mail
 k - a +0 scale mail (worn)
 q - a +0 plate armour
 B - a +0 scale mail
Jewellery
 g - an uncursed ring of fire
 C - an uncursed ring of flight {unknown}
Scrolls
 j - 2 scrolls of remove curse
 s - a scroll of fog {unknown}
 v - 2 scrolls of identify
 y - a scroll of blinking {unknown}
 z - a scroll of enchant weapon {unknown}
Potions
 n - 5 potions of haste
 r - a potion of berserk rage {unknown}
 x - a potion of cancellation {unknown}
 J - a potion of curing
 L - a potion of ambrosia {unknown}
Comestibles
 f - 7 meat rations
 o - 2 bread rations
 u - 4 royal jellies
 w - 9 chunks of flesh


   Skills:
 + Level 3.7 Fighting
 + Level 2.6 Short Blades
 - Level 5.3 Crossbows
 + Level 1.9 Armour
 + Level 3.7 Dodging
 + Level 1.5 Stealth


You had 5 spell levels left.
You didn't know any spells.

Dungeon Overview and Level Annotations

Branches:
Dungeon (4/15)
 Temple: D:4-7

Altars:
Hepliaklqana
Qazlal
Trog
Zin

Annotations:
D:4 Edmund, Ijyb


Innate Abilities, Weirdness & Mutations

You are small and have problems with some larger weapons.
You are carnivorous and can eat meat at any time.
Your life essence is reduced to manifest your ancestor. (-10% HP)
You have sharp fingernails.
You possess an exceptional clarity of mind.
You are resistant to electric shocks. (rElec)
You are occasionally teleported next to monsters.
Your movements are slightly less encumbered by armour. (ER -2)


Message History

C - a shiny gilded ring You swap places.
What are your orders? t - Shout!
Orders for allies: a - Attack new target. r - Retreat! s - Stop attacking. g - Guard the area. f - Follow me.
Anything else - Cancel.
Gang up on whom?
Press: ? - help, Dir - move target cursor, f - Ijyb
Aim: Ijyb, wielding a club and wearing a ring mail Attack!
Ijyb hits Zorana but does no damage.
Zorana hits Ijyb but does no damage.
As you read the scroll of immolation, it crumbles to dust.
The creatures around you are filled with an inner flame!
Ijyb zaps a wand.
The bolt of acid hits Zorana.
Zorana is splashed with acid.
Zorana the ancestor explodes!
The fiery explosion engulfs you!
Ouch! That really hurt!
You die...

#.# #.#
.. #.#
. #.# .
#.# .#
#.# #.#
#.# #g#
#.#
##ยง#
#.###@#
#....##
#####.#
#.# #.#
#.. ###


You could see Ijyb (inner flame).

Vanquished Creatures
  A crimson imp (D:3)
  4 adders
  A worm (D:3)
  2 dart slugs
  4 leopard geckos
  5 orcs
  11 bats
  2 giant cockroaches
  15 goblins
  7 hobgoblins
  7 jackals (D:2)
  11 kobolds
  2 ball pythons
  A frilled lizard (D:2)
  A quokka skeleton (D:4)
  6 rats
80 creatures vanquished.

Vanquished Creatures (collateral kills)
  An iguana (D:4)
  An orc (D:4)
2 creatures vanquished.

Vanquished Creatures (others)
  An ancestor (D:4)
1 creature vanquished.

Grand Total: 83 creatures vanquished

Notes
Turn   | Place    | Note
-------+----------+-------------------------------------------
     0 | D:1      | Thjof the Kobold Hunter began the quest for the Orb.
     0 | D:1      | Reached XP level 1. HP: 12/12 MP: 1/1
    74 | D:1      | Reached skill level 5 in Crossbows
   102 | D:1      | Reached XP level 2. HP: 17/17 MP: 2/2
   489 | D:1      | Reached XP level 3. HP: 15/22 MP: 3/3
   784 | D:2      | Reached skill level 1 in Short Blades
   964 | D:2      | Found a faded altar of an unknown god.
   979 | D:2      | Reached XP level 4. HP: 20/28 MP: 4/4
  1002 | D:2      | Gained mutation: You are partially covered in yellow scales. (AC +2) [potion of mutation]
  1002 | D:2      | Gained mutation: You have a pair of small horns on your head. [potion of mutation]
  1002 | D:2      | Gained mutation: Your movements are slightly less encumbered by armour. (ER -2) [potion of mutation]
  1002 | D:2      | Gained mutation: You are partially covered in large bone plates. (SH +4) [potion of mutation]
  1211 | D:2      | Found a hazy altar of Hepliaklqana.
  1224 | D:2      | Found a stormy altar of Qazlal.
  1294 | D:2      | Found a bloodstained altar of Trog.
  1545 | D:2      | Reached skill level 1 in Armour
  1549 | D:2      | Lost mutation: You are partially covered in large bone plates. (SH +4) [potion of mutation]
  1549 | D:2      | Lost mutation: You have a pair of small horns on your head. [potion of mutation]
  1549 | D:2      | Lost mutation: You are partially covered in yellow scales. (AC +2) [potion of mutation]
  1549 | D:2      | Gained mutation: You have sharp fingernails. [potion of mutation]
  1549 | D:2      | Gained mutation: You are occasionally teleported next to monsters. [potion of mutation]
  1549 | D:2      | Gained mutation: You possess an exceptional clarity of mind. [potion of mutation]
  1549 | D:2      | Gained mutation: You are resistant to electric shocks. (rElec) [potion of mutation]
  1953 | D:3      | Reached XP level 5. HP: 32/32 MP: 5/5
  2719 | D:2      | Found a glowing silver altar of Zin.
  2730 | D:2      | Became a worshipper of Hepliaklqana the Forgotten
  2786 | D:4      | Reached XP level 6. HP: 26/34 MP: 6/6
  2842 | D:4      | Noticed an ogre
  2844 | D:4      | Noticed Edmund
  2978 | D:4      | Noticed Ijyb
  2984 | D:4      | Killed from afar by Zorana the ancestor

Skill      XL: |  1  2  3  4 |
---------------+-------------+-----
Crossbows      | 5 |  5.3
Short Blades   | 1 2 |  2.6
Fighting       | 3 |  3.7
Dodging        | 3 |  3.7
Armour         | 1 |  1.9
Stealth        | |  1.5

Action                   |  1- 3 |  4- 6 || total
-------------------------+-------+-------++-------
Melee: Dagger            |   105 |    55 ||   160
       Short sword       |     3 |    68 ||    71
       Headbutt          |       |     7 ||     7
 Fire: Hand crossbow     |    35 |    88 ||   123
Throw: Stone             |       |    12 ||    12
Invok: Ancestor Identity |       |     1 ||     1
       Recall Ancestor   |       |     1 ||     1
  Use: Scroll            |     3 |     2 ||     5
       Potion            |       |     5 ||     5
 Stab: Sleeping          |     2 |       ||     2
  Eat: Chunk             |     8 |     7 ||    15
Armor: Ring mail         |    30 |    19 ||    49
       Scale mail        |       |    27 ||    27
Dodge: Dodged            |    87 |   115 ||   202
Block: Other             |       |    11 ||    11
